 Dungeon Crawl Stone Soup version 0.18.1-48-g4cf74bf (webtiles) character file.

173 Homunkoloss the Ruffian (level 5, 0/52 HPs)
             Began as a Troll Monk on July 21, 2016.
             Slain by a giant gecko (3 damage)
             ... on level 3 of the Dungeon.
             The game lasted 00:07:07 (821 turns).

Homunkoloss the Ruffian (Troll Monk)                 Turns: 821, Time: 00:07:07

Health: 0/52       AC:  5    Str: 20    XL:     5   Next: 28%
Magic:  4/4        EV: 11    Int:  6    God:
Gold:   30         SH:  0    Dex: 12    Spells: 0 memorised, 4 levels left

rFire  . . .     SeeInvis .       - Unarmed
rCold  . . .     Gourm    +     a - +0 robe
rNeg   . . .     Faith    .     (no shield)
rPois  .         Spirit   .     (helmet restricted)
rElec  .         Dismiss  .     (no cloak)
rCorr  .         Reflect  .     (gloves unavailable)
SustAt .         Harm     .     (boots unavailable)
MR     .....                    (no amulet)
Stlth  +.........               (no ring)
                                (no ring)

@: not resistant to hostile enchantments, very unstealthy
A: unfitting armour, claws 3, fast metabolism 3, gourmand, regeneration 2,
shaggy fur 1, tough skin 2
a: no special abilities


You were on level 3 of the Dungeon.
You were not hungry.

You visited 1 branch of the dungeon, and saw 3 of its levels.

You collected 30 gold pieces.

Inventory:

Missiles
 e - 31 stones (quivered)
Armour
 a - a +0 robe (worn)
Scrolls
 g - a scroll of identify {unknown}
Potions
 c - a potion of agility {unknown}
 f - 2 potions of lignification
 h - a potion of curing {unknown}
Comestibles
 b - 2 bread rations


   Skills:
 + Level 2.9 Fighting
 + Level 3.5 Dodging
 + Level 1.2 Stealth
 + Level 5.3 Unarmed Combat


You had 4 spell levels left.
You didn't know any spells.

Dungeon Overview and Level Annotations

Branches:
Dungeon (3/15)

Altars:


Innate Abilities, Weirdness & Mutations

You are too large for most types of armour.
You have claws for hands.
Your metabolism is lightning-fast.
You like to eat raw meat.
You heal very quickly.
You are covered in fur (AC +1).
You have very tough skin (AC +2).


Message History

The giant cockroach bites you but does no damage.
The giant gecko bites you.
* * * LOW HITPOINT WARNING * * *
The giant cockroach barely misses you. The giant gecko closely misses you.
The giant cockroach bites you but does no damage.
The giant gecko bites you but does no damage.
The giant cockroach bites you.
* * * LOW HITPOINT WARNING * * *
The giant gecko barely misses you.
The orc sings a few bars from the Orcish anthem.
The giant cockroach bites you but does no damage.
The giant gecko bites you.
* * * LOW HITPOINT WARNING * * *
The giant cockroach bites you but does no damage.
The giant gecko bites you.
* * * LOW HITPOINT WARNING * * *
The giant cockroach closely misses you. The giant gecko barely misses you.
The giant cockroach bites you but does no damage.
The giant gecko bites you.
You die...

........#.# #.#....)..##....
........#.# #.#.(.()........
........#.# #..(............
........#.####..#+##....####
####.####.....(o#.##....#
####.##########r#.##....#
..........# #gg.##....#
..........# ##sl##....#
..........# #@.##....#
..........# #..# ..........#
#..# ..........# #..#
.....)....# #..# ..........#
.... ..........# ....
..........# ..>.#
###########


You could see an orc, a giant gecko, a quokka, a giant cockroach, a hobgoblin
and a goblin.

Vanquished Creatures
  A crimson imp (D:3)
  An orc priest (D:3)
  A centaur skeleton (D:3)
  An orc wizard (D:3)
  Terence (D:3)
  3 dart slugs (D:1)
  2 orcs (D:3)
  3 hobgoblins
  A bat (D:3)
  3 kobolds (D:3)
  3 rats
20 creatures vanquished.

Vanquished Creatures (others)
  An orc wizard (D:3)
1 creature vanquished.

Grand Total: 21 creatures vanquished

Notes
Turn   | Place    | Note
--------------------------------------------------------------
     0 | D:1      | Homunkoloss the Troll Monk began the quest for the Orb.
     0 | D:1      | Reached XP level 1. HP: 22/22 MP: 0/0
   228 | D:1      | Reached XP level 2. HP: 29/29 MP: 1/1
   494 | D:3      | Noticed Terence
   496 | D:3      | Noticed a crimson imp
   506 | D:3      | Reached XP level 3. HP: 30/36 MP: 2/2
   510 | D:3      | Killed Terence
   527 | D:3      | Reached XP level 4. HP: 14/44 MP: 3/3
   616 | D:3      | Reached skill level 5 in Unarmed Combat
   616 | D:3      | Reached XP level 5. HP: 52/52 MP: 4/4
   819 | D:3      | HP: 2/52 [giant gecko (5)]
   821 | D:3      | Slain by a giant gecko

Skill      XL: |  1  2  3  4 |
---------------+-------------+-----
Dodging        | 3 |  3.5
Unarmed Combat | 5 |  5.3
Fighting       | |  2.9
Stealth        | |  1.2

Action                   |  1- 3 |  4- 6 || total
-------------------------+-------+-------++-------
Melee: Unarmed           |    20 |    19 ||    39
       Punch             |     2 |       ||     2
  Use: Scroll            |       |     1 ||     1
       Potion            |       |     1 ||     1
  Eat: Chunk             |     2 |     1 ||     3
       Bread ration      |     1 |       ||     1
Armor: Robe              |     3 |    40 ||    43
       Skin              |       |    63 ||    63
Dodge: Dodged            |     4 |    61 ||    65
